 Dungeon Crawl Stone Soup version 0.31-a0-636-ge1c0e020e0 (webtiles) character file.

Game seed: 17908159415317134716

2865 jlumianski the Magician (level 10, -11/65 HPs)
             Began as a Djinni Fire Elementalist on Aug 26, 2023.
             Was a Follower of Makhleb.
             Killed from afar by an acid dragon (27 damage)
             ... with a splash of acid
             ... on level 7 of the Dungeon on Aug 27, 2023.
             The game lasted 00:36:22 (6586 turns).

jlumianski the Magician (Djinni Fire Elementalist)  Turns: 6586, Time: 00:36:25

Health: -11/65     AC:  8    Str:  7    XL:     10   Next: 4%
Gold:   426        EV: 14    Int: 21    God:    Makhleb [*.....] SH:  0 Dex: 14

rFire   + + +        m - staff of fire
rCold   + . .        (no shield)
rNeg    + . .        a - +0 robe
rPois   ∞            n - +2 helmet
rElec   .            E - scarf {+Inv}
rCorr   .            b - +2 pair of gloves
SInv    .            (boots unavailable)
Will    +....        J - amulet "Athromer" {rC+ Regen+}
Stlth   +++          C - ring of positive energy
HPRegen 1.10/turn    K - ring of protection from cold
MPRegen 0.00/turn

%: infuse magic (-12 HP)
@: flying, studying Maces & Flails
A: sickness immunity, fire resistance 2, cold vulnerability 1, float, innate
caster, HP casting, extra vitality 1
a: Renounce Religion, Evoke Invisibility


You were on level 7 of the Dungeon.
You worshipped Makhleb.
Makhleb was aware of your devotion.
You visited 2 branches of the dungeon, and saw 9 of its levels.

You collected 426 gold pieces.

Inventory:

Hand Weapons
 i - a +0 dagger
 k - a +0 long sword
 G - a +2 dagger of protection
 H - a +0 executioner's axe
Missiles
 h - 4 javelins
 s - 16 poisoned darts
 y - 6 curare-tipped darts
Armour
 a - a +0 robe (worn)
 b - a +2 pair of gloves (worn)
 n - a +2 helmet (worn)
 E - a scarf of invisibility (worn)
Magical Staves
 m - a staff of fire (weapon)
 A - a staff of death
Jewellery
 C - a ring of positive energy (left hand)
 J - the amulet "Athromer" (around neck) {rC+ Regen+}
   (You found it on level 7 of the Dungeon)

   [amulet of regeneration]

   rC+:       It protects you from cold.
   Regen+:    It increases your rate of health regeneration.
 K - a ring of protection from cold (right hand)
Talismans
 v - a serpent talisman
Wands
 B - a wand of charming (2)
Scrolls
 c - 6 scrolls of teleportation
 f - a scroll of fog
 g - a scroll of blinking
 j - a scroll of brand weapon {unknown}
 l - a scroll of amnesia {unknown}
 o - a scroll of enchant weapon {unknown}
 F - a scroll of noise {unknown}
Potions
 d - a potion of degeneration
 e - a potion of resistance
 p - a potion of brilliance
 q - a potion of invisibility
 r - 2 potions of curing
 t - a potion of haste
 u - a potion of enlightenment {unknown}
 w - a potion of might
 x - a potion of heal wounds {unknown}
 z - 2 potions of lignification {unknown}
 D - a potion of magic {unknown}
 I - a potion of attraction {unknown}


   Skills:
 * Level 2.6 Fighting
 + Level 2.2 Long Blades
 + Level 1.5 Staves
 * Level 5.1 Dodging
 * Level 4.0 Stealth
 - Level 7.5 Spellcasting
 - Level 7.5 Conjurations
 - Level 7.5 Hexes
 - Level 7.5 Summonings
 - Level 7.5 Necromancy
 - Level 7.5 Translocations
 - Level 7.5 Transmutations
 - Level 7.5 Fire Magic
 - Level 7.5 Ice Magic
 - Level 7.5 Air Magic
 - Level 7.5 Earth Magic
 - Level 7.5 Poison Magic
 * Level 1.2 Invocations
 * Level 4.9 Evocations


You knew the following spells:

 Your Spells              Type           Power      Damage    Failure   Level
a - Foxfire               Conj/Fire      100%       2x1d9     1%          1
b - Scorch                Fire           100%       2d9       1%          2
c - Volatile Blastmotes   Fire/Tloc      100%       2d18      1%          3
d - Inner Flame           Hex/Fire       56%        N/A       1%          3
e - Flame Wave            Conj/Fire      56%        2d13      3%          4
f - Sandblast             Erth           78%        2d17      1%          1
g - Searing Ray           Conj           78%        2d7       1%          2
h - Tukima's Dance        Hex            39%        N/A       1%          3
i - Ozocubu's Armour      Ice            39%        N/A       1%          3
Your spell library was empty.

Dungeon Overview and Level Annotations

Branches:
Dungeon (8/15)             Temple (1/1) D:5
   Lair: D:8-11

Altars:
Ashenzari
Cheibriados
Dithmenos
Elyvilon
Fedhas
Gozag
Makhleb
Nemelex Xobeh
Okawaru
Ru
Trog
Uskayaw
Wu Jian
Xom
Yredelemnul
Zin
The Shining One

Annotations:
D:8 Grum


Innate Abilities, Weirdness & Mutations

You are immune to sickness and miasma.
You are immune to poison.
Your flesh is very heat resistant. (rF++)
You are vulnerable to cold. (rC-)
You float through the air rather than walking.
You learn spells naturally, not from books.
Your magical power is your life essence.
You have superior vitality. (+4 MHP)


Message History

The acid dragon is moderately wounded.
The searing ray hits the acid dragon but does no damage.
The acid dragon is moderately wounded.
The acid dragon spits acid at you. The splash of acid hits you!!
The bullfrog croaks.
You hear a shout!
The searing ray hits the acid dragon!
The acid dragon is severely wounded.
You finish channelling your searing ray.
Casting: Searing Ray (safe; 1% risk of failure)
Confirm with . or Enter, or press ? or * to list all spells.
You feel a surge of power!
Flames lash the bullfrog.
The bullfrog is heavily wounded.
The bullfrog's fire resistance burns away.
The acid dragon bites you. The acid dragon misses you.
Casting: Scorch (safe; 1% risk of failure)
Confirm with . or Enter, or press ? or * to list all spells.
You feel a surge of power!
Flames lash the bullfrog.
The bullfrog is burned terribly!
You kill the bullfrog!
Makhleb accepts your kill. The acid dragon bites you.
The acid dragon claws you.
* * * LOW HITPOINT WARNING * * *
Your Stealth skill increases to level 4!
The acid dragon attacks as it pursues you!
The acid dragon closely misses you.
The cloud of blastmotes explodes!
The concussive blast engulfs the acid dragon!
The acid dragon is almost dead.
The concussive blast engulfs you. You resist.
* * * LOW HITPOINT WARNING * * *
You are knocked back by the blast.
You hear a shout! x2
Casting: Scorch (safe; 1% risk of failure)
Confirm with . or Enter, or press ? or * to list all spells.
You feel a surge of power!
Flames lash the acid dragon but do no damage.
* * * LOW HITPOINT WARNING * * *
The acid dragon spits acid at you. The splash of acid hits you!!
You die...

#.# ##.###. #.#
#..... #.# #####...
#.# #.......
#.####### #.......
#.#.....# #.......
#....##.# #.......
#....##.# ######'#
#..@.##.##########.#
#.#...#..[..........
#+###D##########....
#..............
#....
#.....#.#...##.
#.... #.....#......#
##### #...[ ### ...#
###+# ...# ..#


You could see an acid dragon (catching breath).

Vanquished Creatures
  Sigmund (D:2)
  3 water moccasins
  An orc warrior (D:6)
  An ice beast (D:6)
  A black bear (D:7)
  A sky beast (D:6)
  2 wolves (D:7)
  2 ogres
  4 bullfrogs
  5 scorpions
  A gnoll sergeant (D:8)
  2 killer bees (D:8)
  A howler monkey (D:4)
  A jelly (D:7)
  3 hounds
  3 orc priests
  Jessica (D:2)
  Terence (D:2)
  Natasha (thrice) (D:2)
  5 iguanas (D:4)
  7 orc wizards
  Robin (D:2)
  3 gnolls
  9 adders
  An ufetubus (D:3)
  4 worms
  8 dart slugs
  12 orcs
  2 bats
  4 endoplasms
  2 giant cockroaches
  12 goblins
  7 hobgoblins
  8 jackals (D:1)
  3 kobolds
  6 quokkas
  7 ball pythons
  3 frilled lizards (D:1)
  3 rats
144 creatures vanquished.

Vanquished Creatures (collateral kills)
  An ogre (D:6)
1 creature vanquished.

Vanquished Creatures (others)
  334 foxfires
334 creatures vanquished.

Grand Total: 479 creatures vanquished

Notes
Turn   | Place    | Note
-------+----------+-------------------------------------------
     0 | D:1      | jlumianski the Djinni Fire Elementalist began the quest for
                  | the Orb.
     0 | D:1      | jlumianski set off with the following spells memorised:
                  | Foxfire, Scorch, Volatile Blastmotes, Inner Flame, Flame
                  | Wave.
     0 | D:1      | Reached XP level 1. HP: 15/15 MP: 0/0
    27 | D:1      | You are sucked into a shaft and drop 1 floor!
   137 | D:1      | Reached XP level 2. HP: 16/21 MP: 0/0
   559 | D:1      | Reached XP level 3. HP: 23/25 MP: 0/0
   559 | D:1      | Learned a level 1 spell: Sandblast
  1073 | D:2      | Noticed Terence
  1079 | D:2      | Killed Terence
  1080 | D:2      | Reached XP level 4. HP: 22/31 MP: 0/0
  1229 | D:2      | Noticed Natasha
  1237 | D:2      | Killed Natasha
  1238 | D:2      | Reached skill level 1 in Long Blades
  1238 | D:2      | Reached XP level 5. HP: 20/36 MP: 0/0
  1238 | D:2      | Learned a level 2 spell: Searing Ray
  1303 | D:2      | Noticed Jessica
  1308 | D:2      | Killed Jessica
  1341 | D:2      | Noticed Sigmund
  1347 | D:2      | Killed Sigmund
  1348 | D:2      | Reached skill level 1 in Fighting
  1348 | D:2      | Reached XP level 6. HP: 37/42 MP: 0/0
  1490 | D:2      | Noticed Natasha
  1536 | D:2      | Noticed Robin
  1547 | D:2      | Killed Robin
  1673 | D:2      | Killed Natasha
  1796 | D:2      | Reached XP level 7. HP: 43/47 MP: 0/0
  1796 | D:2      | Learned a level 3 spell: Tukima's Dance
  1850 | D:2      | Found a basalt altar of Yredelemnul.
  1889 | D:2      | Noticed Natasha
  1892 | D:2      | Killed Natasha
  2076 | D:5      | Entered Level 5 of the Dungeon
  2076 | D:5      | Noticed a water moccasin
  2121 | D:4      | Killed a water moccasin
  2122 | D:4      | Reached skill level 5 in Spellcasting
  2122 | D:4      | Reached skill level 5 in Conjurations
  2122 | D:4      | Reached skill level 5 in Hexes
  2122 | D:4      | Reached skill level 5 in Summonings
  2122 | D:4      | Reached skill level 5 in Necromancy
  2122 | D:4      | Reached skill level 5 in Translocations
  2122 | D:4      | Reached skill level 5 in Transmutations
  2122 | D:4      | Reached skill level 5 in Fire Magic
  2122 | D:4      | Reached skill level 5 in Ice Magic
  2122 | D:4      | Reached skill level 5 in Air Magic
  2122 | D:4      | Reached skill level 5 in Earth Magic
  2122 | D:4      | Reached skill level 5 in Poison Magic
  2343 | D:3      | Reached XP level 8. HP: 41/52 MP: 0/0
  2930 | D:4      | Reached skill level 1 in Staves
  3923 | D:5      | Found a staircase to the Ecumenical Temple.
  3951 | Temple   | Entered the Ecumenical Temple
  3966 | Temple   | Became a worshipper of Makhleb the Destroyer
  4433 | D:6      | Reached skill level 1 in Evocations
  4433 | D:6      | Reached XP level 9. HP: 56/58 MP: 0/0
  4433 | D:6      | Learned a level 3 spell: Ozocubu's Armour
  5704 | D:7      | Reached * piety under Makhleb
  5742 | D:8      | Noticed Grum
  6210 | D:7      | Identified the amulet "Athromer" {rC+ Regen+}
  6456 | D:7      | Reached skill level 5 in Dodging
  6521 | D:7      | Reached skill level 1 in Invocations
  6521 | D:7      | Reached XP level 10. HP: 61/65 MP: 0/0
  6586 | D:7      | Killed from afar by an acid dragon

Illustrated notes

Levels and vault maps discovered:
D:1:      amcnicky_arrival_gap_in_the_tavern_cellar, layout_loops_ring,
          kennysheep_another_room, chequers_serial_rivers_room_a
D:2:      layout_basic, basic_altar, uniq_natasha, uniq_robin, uniq_terence,
          uniq_sigmund, uniq_jessica
D:3:      layout_rooms
D:4:      layout_cave_pods, minmay_a_box_with_orc_wizards_in_it
D:5:      layout_basic, minmay_temple_entry_glassed_door, grunt_ministairs_13
D:6:      layout_basic
D:7:      layout_basic, minmay_misc_feat_chi
D:8:      cheibrodos_ideogram_h, layout_loops_ring,
          chequers_temple_overflow_statue_of_worship, uniq_grum
Temple:   compressed_dpeg_triangle_lava_temple

Skill      XL: |  1  2  3  4  5  6  7  8  9 10 |
---------------+-------------------------------+-----
Spellcasting   | 4 5 6 7 |  7.5
Conjurations   | 4 5 6 7 |  7.5
Hexes          | 4 5 6 7 |  7.5
Summonings     | 4 5 6 7 |  7.5
Necromancy     | 4 5 6 7 |  7.5
Translocations | 4 5 6 7 |  7.5
Transmutations | 4 5 6 7 |  7.5
Fire Magic     | 4 5 6 7 |  7.5
Ice Magic      | 4 5 6 7 |  7.5
Air Magic      | 4 5 6 7 |  7.5
Earth Magic    | 4 5 6 7 |  7.5
Poison Magic   | 4 5 6 7 |  7.5
Stealth        | 2 3 4 |  4.0
Dodging        | 3 4 5 |  5.1
Long Blades    | 1 2 |  2.2
Fighting       | 1 2 |  2.6
Staves         | 1 |  1.5
Evocations     | 1 4 |  4.9
Invocations    | 1 |  1.2

Action                     |  1- 3 |  4- 6 |  7- 9 | 10-12 || total
---------------------------+-------+-------+-------+-------++-------
  Melee: Unarmed           |    10 |       |       |       ||    10
         Dagger            |     9 |       |       |       ||     9
         Long sword        |    17 |     7 |       |       ||    24
         Punch             |     1 |       |     1 |       ||     2
         Staff             |       |     5 |    32 |       ||    37
   Cast: Foxfire           |    35 |    31 |   120 |       ||   186
         Scorch            |     1 |     7 |    57 |     3 ||    68
         Volatile Blastmot |     1 |     1 |    10 |     1 ||    13
         Sandblast         |       |     2 |     1 |       ||     3
         Tukima's Dance    |       |       |     6 |       ||     6
         Ozocubu's Armour  |       |       |     6 |       ||     6
         Searing Ray       |       |       |     1 |     1 ||     2
         Flame Wave        |       |       |     1 |       ||     1
    Use: Scroll            |     2 |       |     6 |       ||     8
         Potion            |       |       |     2 |       ||     2
 Armour: Robe              |    16 |     3 |    20 |       ||    39
  Dodge: Dodged            |    36 |    10 |    73 |     2 ||   121

Table legend: (Time is in decaauts)
 A = Elapsed time spent in this place.
 B = Non-inter-level travel time spent in this place.
 C = Inter-level travel time spent in this place.
 D = Time resting spent in this place.
 E = Time spent auto-exploring this place.
 F = Levels seen in this place.
 G = Mean time per level.
                   A        B        C        D        E       F      G
               +--------+--------+--------+--------+--------+-----+--------+
         Total |   6623 |   6373 |    250 |    694 |   3832 |   9 |  735.9 |
       Dungeon |   6591 |   6341 |    250 |    694 |   3832 |   8 |  823.9 |
        Temple |     32 |     32 |      0 |      0 |      0 |   1 |   32.0 |
               +--------+--------+--------+--------+--------+-----+--------+

Top non-repeatable levels by time:
     D:6: 1230 daAuts
     D:4: 1209 daAuts
     D:2: 1005 daAuts
     D:1: 930 daAuts
     D:7: 902 daAuts
     D:3: 691 daAuts
     D:5: 546 daAuts
     D:8: 74 daAuts
  Temple: 32 daAuts
